 Dungeon Crawl Stone Soup version 0.25-a0-253-g6f1b5d974a (webtiles) character file.

Game seed: 1746124639815214842, levelgen mode: classic

100 Borgoz the Twirler (level 4, -2/28 HPs)
             Began as a Gargoyle Gladiator on Dec 5, 2019.
             Slain by Sigmund
             ... wielding a +0 scythe
              (5 damage)
             ... on level 3 of the Dungeon.
             The game lasted 00:03:09 (1799 turns).

Borgoz the Twirler (Gargoyle Gladiator)             Turns: 1799, Time: 00:03:09

Health: -2/28      AC: 10    Str: 18    XL:     4   Next: 74%
Magic:  4/4        EV: 10    Int: 13    God:
Gold:   81         SH:  0    Dex: 12    Spells: 3/3 levels left

rFire    . . .     SeeInvis .   a - +0 quarterstaff
rCold    . . .     Gourm    .   (shield currently unavailable)
rNeg     + . .     Faith    .   k - +0 scale mail
rPois    ∞         Spirit   .   c - +0 helmet
rElec    +         Reflect  .   (no cloak)
rCorr    .         Harm     .   (no gloves)
MR       .....                  (no boots)
Stlth    ..........             (no amulet)
HPRegen  0.09/turn              j - ring of flight
MPRegen  0.09/turn              (no ring)

@: brilliant
A: negative energy resistance 1, electricity resistance, unbreathing,
petrification resistance, rot immunity, AC +3
a: Evoke Flight


You were on level 3 of the Dungeon.
You were not hungry.

You visited 1 branch of the dungeon, and saw 3 of its levels.

You collected 81 gold pieces.

Inventory:

Hand Weapons
 a - a +0 quarterstaff (weapon)
Armour
 c - a +0 helmet (worn)
 k - a +0 scale mail (worn)
Jewellery
 j - a ring of flight (left hand)
Scrolls
 g - a scroll of noise {unknown}
 i - 6 scrolls of identify {unknown}
Potions
 h - a potion of curing {unknown}
 l - a potion of might {unknown}
Comestibles
 b - a chunk of flesh
 f - 2 rations


   Skills:
 + Level 3.2 Fighting
 * Level 3.7 Staves
 - Level 2.4 Throwing
 + Level 0.5 Armour
 + Level 3.0 Dodging


You had 3 spell levels left.
You didn't know any spells.
Your spell library was empty.

Dungeon Overview and Level Annotations

Branches:
Dungeon (3/15)

Altars:
Gozag
Trog
Xom
The Shining One

Annotations:
D:3 Sigmund


Innate Abilities, Weirdness & Mutations

You are resistant to torment.
Your stone body is resilient. (AC +3)
You are immune to poison.
You resist negative energy. (rN+)
You are resistant to electric shocks. (rElec)
You can survive without breathing.
You are immune to petrification.
You are immune to rotting.


Message History

Sigmund is severely wounded.
Sigmund struggles against the net.
The net rips apart, and Sigmund comes free!
You sock Sigmund!
Sigmund is almost dead.
Sigmund gestures wildly while chanting.
Sigmund flickers and vanishes!
Deactivating autopickup; reactivate with Ctrl-A.
You miss something.
You hear some strange, mumbled words.
A puff of flame appears from out of thin air!
The puff of flame hits you!
You barely miss something. Something hits you but does no damage.
You closely miss something. Something hits you.
* * * LOW HITPOINT WARNING * * *
You completely miss something.
It was a potion of brilliance.
You feel clever all of a sudden. Something hits you.
You die...

#.# ##...## # #.#
##'## #.# #.# #.#
#.####### #.#
##........ #.#
##...###### ...
#.....#
######.!.#####
#........†@{.#
..#####..###......
#..# ###.# #..#
#... #.### #.# #.#
...


There were no monsters in sight!

Vanquished Creatures
  3 gnolls (D:2)
  2 adders (D:2)
  An ooze (D:1)
  2 dart slugs (D:1)
  7 bats
  2 giant cockroaches (D:2)
  8 goblins
  4 hobgoblins (D:2)
  6 jackals
  2 ball pythons (D:1)
  A frilled lizard (D:1)
  5 kobolds
  2 rats (D:1)
45 creatures vanquished.

Notes
Turn   | Place    | Note
-------+----------+-------------------------------------------
     0 | D:1      | Borgoz the Gargoyle Gladiator began the quest for the Orb.
     0 | D:1      | Reached XP level 1. HP: 12/12 MP: 1/1
    49 | D:1      | Reached XP level 2. HP: 10/18 MP: 2/2
   361 | D:1      | Reached XP level 3. HP: 19/22 MP: 3/3
   742 | D:2      | Reached XP level 4. HP: 3/28 MP: 4/4
  1051 | D:2      | Found a faded altar of an unknown god.
  1618 | D:2      | Found a bloodstained altar of Trog.
  1759 | D:3      | Found an opulent altar of Gozag.
  1759 | D:3      | Found a shimmering altar of Xom.
  1760 | D:3      | Found a glowing golden altar of the Shining One.
  1783 | D:3      | Noticed Sigmund
  1799 | D:3      | Slain by Sigmund

Levels and vault maps discovered:
D:1:      enne_arrival_octagon_isle, layout_rooms
D:2:      minmay_evil_eye, layout_rooms, lemuel_coloured_pillars_altar,
          chequers_ecumenical_altar_grove
D:3:      layout_loops_corners, gammafunk_temple_overflow_claw, uniq_sigmund

Skill      XL: |  1  2  3  4 |
---------------+-------------+-----
Throwing       | 2 |  2.4
Fighting       | 3 |  3.2
Dodging        | 3 |  3.0
Staves         | |  3.7
Armour         | |  0.5

Action                   |  1- 3 |  4- 6 || total
-------------------------+-------+-------++-------
Melee: Quarterstaff      |    87 |    62 ||   149
Throw: Throwing net      |     2 |     2 ||     4
  Use: Scroll            |       |     2 ||     2
       Potion            |       |     1 ||     1
 Stab: Held in net/web   |       |     1 ||     1
  Eat: Chunk             |       |     3 ||     3
Armor: Leather armour    |    38 |     7 ||    45
       Scale mail        |       |    26 ||    26
Dodge: Dodged            |    84 |    47 ||   131

Table legend:
 A = Non-vault XP
 B = Vault XP
 C = Vault XP percentage of total XP
 D = Non-vault monster count
 E = Vault monster count
 F = Vault count percentage of total count
                 A         B        C        D         E       F
            +---------+---------+-------+---------+---------+-------
      Total |     142 |       2 |   1.4 |      44 |       1 |   2.2
            +---------+---------+-------+---------+---------+-------
        D:1 |      46 |       0 |   0.0 |      24 |       0 |   0.0
        D:2 |      87 |       2 |   2.2 |      15 |       1 |   6.2
        D:3 |       9 |       0 |   0.0 |       5 |       0 |   0.0
            +---------+---------+-------+---------+---------+-------
